 Dungeon Crawl Stone Soup version 0.29.1-15-g9cfb28693d (webtiles) character file.

Game seed: 2188389172114458219

338 Mickster the Chopper (level 6, -1/56 HPs)
             Began as a Hill Orc Berserker on Feb 28, 2023.
             Was a Believer of Trog.
             Slain by a mummy (3 damage)
             ... on level 4 of the Dungeon on Mar 2, 2023.
             The game lasted 00:26:54 (3381 turns).

Mickster the Chopper (Hill Orc Berserker)           Turns: 3381, Time: 00:26:55

Health: -1/56      AC: 20    Str: 19 (22) XL:     6   Next: 55%
Magic:  6/6        EV:  6    Int:  6 (7)  God:    Trog [**....]
Gold:   94         SH:  0    Dex:  7 (10) Spells: 5/5 levels left

rFire   . . .      SeeInvis .   r - +2 dagger (drain)
rCold   . . .      Faith    .   (no shield)
rNeg    . . .      Spirit   .   c - +0 plate armour
rPois   .          Reflect  .   s - +0 helmet
rElec   .          Harm     .   (no cloak)
rCorr   .          Rampage  .   (no gloves)
Will    .....                   f - +2 pair of boots {Stlth+}
Stlth   ..........              (no amulet)
HPRegen 0.18/turn               k - +4 ring of protection
MPRegen 0.10/turn               (no ring)

@: no status effects
A: no striking features
a: Renounce Religion, Berserk, Trog's Hand


You were on level 4 of the Dungeon.
You worshipped Trog.
Trog was pleased with you.
You visited 1 branch of the dungeon, and saw 4 of its levels.

You collected 102 gold pieces.
You spent 8 gold pieces at shops.

Inventory:

Hand Weapons
 a - a +1 hand axe
 l - a +0 short sword
 r - a +2 dagger of draining (weapon)
 t - a +0 arbalest
Missiles
 d - 12 stones (quivered)
 i - 3 poisoned darts
Armour
 b - a +0 animal skin
 c - a +0 plate armour (worn)
 e - a +0 leather armour
 f - a +2 pair of boots of stealth (worn)
 o - a +1 hat
 s - a +0 helmet (worn)
Jewellery
 g - a ring of resist corrosion
 k - a +4 ring of protection (left hand)
Scrolls
 h - a scroll of butterflies
 j - 5 scrolls of identify
 q - 3 scrolls of summoning
Potions
 m - a potion of might {unknown}
 n - a potion of haste
 p - 2 potions of degeneration
 u - 2 potions of curing


   Skills:
 + Level 5.0 Fighting
 + Level 1.4 Short Blades
 + Level 6.5 Axes
 + Level 3.7 Armour
 + Level 2.5 Dodging
 + Level 0.1 Stealth


You had 5 spell levels left.
You didn't know any spells.
Your spell library contained the following spells:

 Spells                   Type           Power      Damage    Failure   Level
 Apportation              Tloc           0%         N/A       100%        1
 Necrotise                Necr           0%         1d4       100%        1
 Summon Small Mammal      Summ           0%         N/A       100%        1
 Static Discharge         Conj/Air       0%         3-3/arc   100%        2
 Dispel Undead            Necr           0%         3d6       100%        4
 Passage of Golubria      Tloc           0%         N/A       100%        4
 Sticky Flame             Conj/Fire      0%         2d3       100%        4
 Silence                  Hex/Air        0%         N/A       100%        5
 Lehudib's Crystal Spear  Conj/Erth      0%         10d2      100%        8


Dungeon Overview and Level Annotations

Branches:
Dungeon (4/15)
 Temple: D:4-7

Altars:

Shops:
D:1 (   D:2 =

Annotations:
D:4 1 transporter, Rangus's ghost, novice OpDe


Message History

* * * LOW HITPOINT WARNING * * *
Rangus's ghost hits you but does no damage.
You miss Rangus's ghost.
Rangus's ghost is lightly damaged.
Rangus's ghost hits you but does no damage.
You barely miss Rangus's ghost.
Rangus's ghost is lightly damaged.
The mummy hits you but does no damage.
You miss Rangus's ghost.
Rangus's ghost is lightly damaged.
Rangus's ghost hits you.
* * * LOW HITPOINT WARNING * * *
The mummy hits you.
* * * LOW HITPOINT WARNING * * *
You hit Rangus's ghost.
Rangus's ghost is lightly damaged.
Rangus's ghost hits you but does no damage.
You closely miss Rangus's ghost.
Rangus's ghost is lightly damaged.
Rangus's ghost hits you but does no damage.
The mummy barely misses you.
You barely miss Rangus's ghost.
Rangus's ghost is lightly damaged.
Rangus's ghost hits you but does no damage.
You hit Rangus's ghost.
Rangus's ghost is moderately damaged.
Rangus's ghost hits you but does no damage.
The mummy hits you but does no damage.
You closely miss Rangus's ghost.
Rangus's ghost is moderately damaged.
Rangus's ghost hits you but does no damage.
The mummy hits you but does no damage.
You hit Rangus's ghost.
Rangus's ghost is moderately damaged.
Rangus's ghost hits you.
* * * LOW HITPOINT WARNING * * *
You miss Rangus's ghost.
Rangus's ghost is moderately damaged.
Rangus's ghost closely misses you. The mummy hits you.
You die...

..... #... .....# #..#
###### ####..#
#.##..#©...... .#..#
#.##..#....... .#..#
#.##..#..###.###..# #
#.##).#..#8#.#8#..#..#
#.##..#......M...$#..#
#....©#.....©W@..$#©.#
###.##..#..........$#...
....##..#..#8#.#8#..#..#
##..##..#..###.###..# .#
....##..#W...... ..#. #
........#...Z... .#..
........######## ##..#
............... .#
.....#.........


You could see a mummy, Rangus's ghost and a wyvern zombie.

Vanquished Creatures
  A black bear (D:4)
  An ogre (D:4)
  The ghost of bnorton916 the Magician, a weakling DEFE (D:3)
  Robin (D:3)
  6 adders
  2 worms (D:2)
  An orc (D:3)
  5 ball pythons
  3 bats
  8 endoplasms
  10 goblins
  8 hobgoblins
  3 kobolds (D:2)
  4 quokkas
  A frilled lizard (D:1)
  4 rats
59 creatures vanquished.

Notes
Turn   | Place    | Note
-------+----------+-------------------------------------------
     0 | D:1      | Mickster the Hill Orc Berserker began the quest for the
                  | Orb.
     0 | D:1      | Reached XP level 1. HP: 19/19 MP: 1/1
   151 | D:1      | Found a faded altar of an unknown god.
   226 | D:1      | Reached XP level 2. HP: 15/27 MP: 2/2
   605 | D:1      | Identified a scroll of acquirement
   605 | D:1      | Acquired a +1 pair of boots of stealth
   650 | D:1      | Found Moec's Weapon Emporium.
   671 | D:1      | Bought 2 poisoned darts for 8 gold pieces
  1229 | D:2      | Reached XP level 3. HP: 29/33 MP: 3/3
  1259 | D:2      | Found Yluzaipn's Jewellery Boutique.
  1390 | D:2      | Reached skill level 5 in Axes
  1443 | D:2      | Reached ** piety under Trog
  1721 | D:3      | Found a transporter.
  1737 | D:3      | Noticed bnorton916's ghost (weakling DEFE)
  1740 | D:3      | Found a transporter.
  1783 | D:3      | Killed bnorton916's ghost
  1784 | D:3      | Reached XP level 4. HP: 30/41 MP: 4/4
  2158 | D:3      | Noticed Robin
  2182 | D:3      | Killed Robin
  2581 | D:3      | Reached XP level 5. HP: 47/47 MP: 5/5
  2861 | D:4      | Noticed a black bear
  2875 | D:4      | Killed a black bear
  2876 | D:4      | Reached skill level 1 in Short Blades
  2876 | D:4      | Reached skill level 6 in Axes
  2876 | D:4      | Reached XP level 6. HP: 30/53 MP: 6/6
  3171 | D:4      | Reached skill level 5 in Fighting
  3343 | D:4      | Noticed Rangus's ghost (novice OpDe)
  3344 | D:4      | Found a transporter.
  3351 | D:4      | Found a transporter.
  3380 | D:4      | HP: 2/56 [Rangus's ghost (2)]
  3381 | D:4      | Slain by a mummy

Illustrated notes

Levels and vault maps discovered:
D:1:      dpeg_arrival_water_temple_mockup, layout_loops_ring,
          chequers_ecumenical_altar_island, serial_shops, nicolae_shop_stone,
          serial_rivers, chequers_serial_rivers_small_3,
          chequers_serial_rivers_small_a, chequers_serial_rivers_small_b,
          chequers_serial_rivers_large_a
D:2:      layout_rooms, serial_shops, shop_fountains
D:3:      layout_loops_ring, gammafunk_ghost_arena, uniq_robin
D:4:      layout_loops_ring, gammafunk_ghost_mausoleum

Skill      XL: |  1  2  3  4  5  6 |
---------------+-------------------+-----
Fighting       | 4 5 |  5.0
Axes           | 5 6 |  6.5
Dodging        | 2 |  2.5
Short Blades   | 1 |  1.4
Armour         | 3 |  3.7
Stealth        | |  0.1

Action                   |  1- 3 |  4- 6 || total
-------------------------+-------+-------++-------
Melee: Hand axe          |   119 |    47 ||   166
       Dagger            |       |    99 ||    99
Throw: Dart              |     2 |       ||     2
       Stone             |     1 |       ||     1
  Use: Scroll            |     7 |     2 ||     9
       Potion            |     3 |     2 ||     5
Armor: Leather armour    |    36 |    31 ||    67
       Plate armour      |       |    82 ||    82
Dodge: Dodged            |    68 |    60 ||   128
